 Dungeon Sprint DCSS version 0.24-a0-439-g6dd8730de2 (webtiles) character file.

Game seed: 7337712487746515321

7183 mahrnol the Basher (level 10, -6/103 HPs)
             Began as a Minotaur Fighter on June 17, 2019.
             Was the Champion of Makhleb.
             Mangled by a tyrant leech (16 damage)
             ... in the Dungeon (Sprint IX: "|||||||||||||||||||||||||||||").
             The game lasted 00:09:43 (861 turns).

mahrnol the Basher (Minotaur Fighter)                Turns: 861, Time: 00:09:44

Health: -6/103     AC: 15    Str: 23    XL:     10   Next: 86%
Magic:  17/17      EV:  9    Int:  5    God:    Makhleb [******]
Gold:   8          SH: 14    Dex: 14    Spells: 9/9 levels left

rFire    . . .     SeeInvis .   a - +0 flail
rCold    . . .     Gourm    .   c - +0 shield
rNeg     . . .     Faith    .   v - +1 scale mail
rPois    .         Spirit   .   (helmet restricted)
rElec    .         Reflect  .   u - +0 cloak
rCorr    .         Harm     .   (no gloves)
MR       .....     Clarity  +   t - +0 pair of boots Stlth ..........NoTele +
                                (no amulet)
HPRegen  0.27/turn              w - +3 ring of dexterity
MPRegen  0.15/turn              x - +2 ring of protection

@: no status effects
A: retaliatory headbutt, horns 2, clarity, evolution 1
a: Minor Destruction, Lesser Servant of Makhleb, Major Destruction, Greater
Servant of Makhleb, Renounce Religion


You were in the Dungeon.
You worshipped Makhleb.
Makhleb was exalted by your worship.
You were not hungry.

You visited 1 branch You collected 8 gold pieces.

Inventory:

Hand Weapons
 a - a +0 flail (weapon)
 p - a +2 dire flail of crushing
 q - a +2 halberd of venom
 r - a +2 rapier of electrocution
 s - a +2 scimitar of holy wrath
Armour
 c - a +0 shield (worn)
 t - a +0 pair of boots (worn)
 u - a +0 cloak (worn)
 v - a +1 scale mail (worn)
Jewellery
 w - a +3 ring of dexterity (left hand)
 x - a +2 ring of protection (right hand)
Wands
 o - a wand of iceblast (10)
Scrolls
 k - 2 scrolls of blinking
 m - 3 scrolls of remove curse
 n - 2 scrolls of amnesia
 y - a scroll of identify
 z - 2 scrolls of fog
 A - 2 scrolls of enchant armour
 B - 4 scrolls of enchant weapon
Potions
 d - a potion of agility
 e - 5 potions of curing
 g - a potion of heal wounds
 h - a potion of haste
 i - 4 potions of magic
 j - 2 potions of berserk rage
 l - a potion of invisibility
Comestibles
 b - 14 chunks of flesh
 f - a ration


   Skills:
 + Level 14.1 Fighting
 - Level 14.5 Maces & Flails
 * Level 7.0 Polearms
 + Level 12.6 Armour
 + Level 13.8 Shields
 * Level 11.6 Invocations


You had 9 spell levels left.
You didn't know any spells.
Your spell library was empty.

Dungeon Overview and Level Annotations

Branches:
Dungeon (1/1)

Altars:
Cheibriados
Dithmenos
Elyvilon
Fedhas
Gozag
Hepliaklqana
Kikubaaqudgha
Makhleb
Nemelex Xobeh
Okawaru
Qazlal
Ru
Sif Muna
Trog
Uskayaw
Vehumet
Wu Jian
Xom
Yredelemnul
Zin
The Shining One
Beogh
Jiyva
Lugonu


Innate Abilities, Weirdness & Mutations

You reflexively headbutt those who attack you in melee.
You have a pair of horns on your head.
You possess an exceptional clarity of mind.
You evolve.


Message History

The bolt of fire hits the lindwurm!!
The lindwurm is heavily wounded.
The bolt of fire hits the tyrant leech!
The tyrant leech is severely wounded.
The tyrant leech bites you!
* * * LOW HITPOINT WARNING * * *
The tyrant leech draws strength from your injuries!
Press: ? - help, Shift-Dir - straight line, f/p - tyrant leech
Aim: a tyrant leech (severely wounded)
The fireball explodes!
The fireball engulfs the tyrant leech.
The tyrant leech is lightly wounded.
The fireball engulfs the lindwurm!
The lindwurm is severely wounded.
The fireball engulfs you!
* * * LOW HITPOINT WARNING * * *
The tyrant leech bites you!
* * * LOW HITPOINT WARNING * * *
The tyrant leech draws strength from your injuries!
You feel better. The tyrant leech bites you!
You die...

▓▓▓▓▓▓▓▓▓▓▓▓▓▓▓▓▓▓▓▓▓▓▓▓
....wkw@'.........÷.....
▓▓▓▓▓▓▓▓▓▓▓▓▓▓▓▓▓▓▓▓▓▓▓▓▓▓▓▓▓▓▓▓▓
.................................
▓▓▓▓▓▓▓▓▓▓▓▓▓▓▓▓▓▓▓▓▓▓▓▓▓▓▓▓▓▓▓▓▓
'.)....)[....)|..'_______________
▓▓▓▓▓▓▓▓▓▓▓▓▓▓▓▓▓▓▓▓▓▓▓▓▓▓▓▓▓▓▓▓▓


You could see 2 tyrant leeches and a lindwurm.

Vanquished Creatures
  2 hydras (D)
  A two-headed ogre (D)
  A death yak (D)
  2 lindwurms (D)
  A deep elf mage (D)
  A black mamba (D)
  A komodo dragon (D)
  A tengu conjurer (D)
  A slime creature (D)
  A tyrant leech (D)
  A hippogriff (D)
  2 yaks (D)
  A wyvern (D)
  2 water moccasins (D)
  4 porcupines (D)
  An orc warrior (D)
  A black bear (D)
  An ice beast (D)
  2 ogres (D)
  A big kobold (D)
  A crocodile (D)
  4 bullfrogs (D)
  An orc wizard (D)
  2 worms (D)
  A hobgoblin (D)
  2 jackals (D)
  A quokka (D)
  A bat (D)
  A frilled lizard (D)
  A kobold (D)
  2 rats (D)
45 creatures vanquished.

Notes
Turn   | Place    | Note
-------+----------+-------------------------------------------
     0 | D        | mahrnol the Minotaur Fighter began the quest for the Orb.
     0 | D        | Reached XP level 1. HP: 19/19 MP: 0/0
    28 | D        | Noticed an orc wizard
    38 | D        | Reached XP level 2. HP: 26/28 MP: 1/1
    48 | D        | Reached skill level 5 in Fighting
    48 | D        | Reached skill level 5 in Armour
    48 | D        | Reached skill level 5 in Shields
    48 | D        | Reached XP level 3. HP: 15/36 MP: 2/2
   222 | D        | Found a roughly hewn altar of Beogh.
   222 | D        | Found a snail-covered altar of Cheibriados.
   222 | D        | Found a shadowy altar of Dithmenos.
   222 | D        | Found a white marble altar of Elyvilon.
   222 | D        | Found a blossoming altar of Fedhas.
   222 | D        | Found an opulent altar of Gozag.
   223 | D        | Found a hazy altar of Hepliaklqana.
   224 | D        | Found a viscous altar of Jiyva.
   225 | D        | Found an ancient bone altar of Kikubaaqudgha.
   226 | D        | Found a corrupted altar of Lugonu.
   227 | D        | Found a burning altar of Makhleb.
   228 | D        | Found a sparkling altar of Nemelex Xobeh.
   229 | D        | Found an iron altar of Okawaru.
   230 | D        | Found a stormy altar of Qazlal.
   231 | D        | Found a sacrificial altar of Ru.
   232 | D        | Found a deep blue altar of Sif Muna.
   233 | D        | Found a bloodstained altar of Trog.
   234 | D        | Found a hide-covered altar of Uskayaw.
   235 | D        | Became a worshipper of Makhleb the Destroyer
   236 | D        | Found a radiant altar of Vehumet.
   237 | D        | Found an ornate altar of the Wu Jian Council.
   238 | D        | Found a shimmering altar of Xom.
   239 | D        | Found a basalt altar of Yredelemnul.
   240 | D        | Found a glowing silver altar of Zin.
   241 | D        | Found a glowing golden altar of the Shining One.
   292 | D        | Noticed an ogre
   292 | D        | Noticed a bullfrog
   292 | D        | Noticed an ogre
   292 | D        | Noticed a big kobold
   292 | D        | Noticed a wyvern
   292 | D        | Noticed an ice beast
   295 | D        | Killed an ice beast
   295 | D        | Reached skill level 5 in Maces & Flails
   295 | D        | Reached XP level 4. HP: 45/45 MP: 2/5
   297 | D        | Killed a wyvern
   297 | D        | Reached XP level 5. HP: 53/53 MP: 2/7
   301 | D        | Reached * piety under Makhleb
   301 | D        | Reached XP level 6. HP: 61/61 MP: 2/8
   302 | D        | Reached skill level 5 in Invocations
   307 | D        | Reached ** piety under Makhleb
   307 | D        | Reached XP level 7. HP: 70/70 MP: 3/10
   319 | D        | Noticed a tengu conjurer
   319 | D        | Noticed a two-headed ogre
   319 | D        | Noticed a slime creature
   319 | D        | Noticed a deep elf mage
   319 | D        | Noticed an eight-headed hydra
   325 | D        | Killed an eight-headed hydra
   325 | D        | Reached skill level 10 in Fighting
   325 | D        | Reached skill level 10 in Shields
   325 | D        | Reached XP level 8. HP: 40/79 MP: 5/12
   336 | D        | Killed a deep elf mage
   336 | D        | Reached skill level 10 in Armour
   399 | D        | Killed a slime creature
   399 | D        | Reached *** piety under Makhleb
   406 | D        | Killed a two-headed ogre
   406 | D        | Reached XP level 9. HP: 60/90 MP: 14/14
   411 | D        | Killed a tengu conjurer
   618 | D        | Gained mutation: You are clumsy. (Dex -2) [potion of
                  | mutation]
   618 | D        | Lost mutation: You are clumsy. (Dex -2) [potion of
                  | mutation]
   618 | D        | Gained mutation: You evolve. [potion of mutation]
   618 | D        | Gained mutation: You possess an exceptional clarity of
                  | mind. [potion of mutation]
   642 | D        | Noticed a komodo dragon
   657 | D        | Reached **** piety under Makhleb
   662 | D        | Killed a komodo dragon
   670 | D        | Reached skill level 10 in Invocations
   675 | D        | Reached ***** piety under Makhleb
   772 | D        | Noticed a seven-headed hydra
   772 | D        | Noticed a black mamba
   776 | D        | Reached skill level 1 in Polearms
   776 | D        | Reached XP level 10. HP: 90/100 MP: 16/16
   781 | D        | Noticed a death yak
   787 | D        | Killed a seven-headed hydra
   792 | D        | Killed a black mamba
   806 | D        | Killed a death yak
   806 | D        | Reached skill level 5 in Polearms
   809 | D        | Reached ****** piety under Makhleb
   832 | D        | Noticed a lindwurm
   832 | D        | Noticed a lindwurm
   834 | D        | Killed a lindwurm
   835 | D        | Noticed a lindwurm
   856 | D        | Killed a lindwurm
   860 | D        | HP: 5/103 [tyrant leech (8)]
   861 | D        | Mangled by a tyrant leech

Levels and vault maps discovered:
D:        linesprint [early_d, line_temple, items_1, d_10, items_2, lair_1,
          lair_end, items_3, orc_1, orc_end, items_4, d_15, swamp_1, shoals_1,
          snake_1, spider_1, d_20, vaults_1, items_5, swamp_end, shoals_end,
          snake_end, spider_end, vaults_end, d_27, items_6, zot_1, zot_end,
          crypt_end, forest_end, elf_end, slime_end, tomb_end, abyss_end,
          pan_hell_end]

Skill      XL: |  1  2  3  4  5  6  7  8  9 10 |
---------------+-------------------------------+-----
Fighting       | 4 5 6 7 8 9 10 11 12 14 | 14.1
Armour         | 4 5 6 7 8 9 10 11 12 | 12.6
Shields        | 4 5 6 7 8 10 11 12 13 | 13.8
Maces & Flails | 4 5 7 8 9 11 13 14 | 14.5
Invocations    | 2 4 5 7 9 10 11 | 11.6
Polearms       | 1 7 |  7.0

Action                   |  1- 3 |  4- 6 |  7- 9 | 10-12 || total
-------------------------+-------+-------+-------+-------++-------
Melee: Flail             |    36 |    11 |    76 |    62 ||   185
       Headbutt          |     3 |     3 |    21 |    18 ||    45
Invok: Minor Destruction |       |       |     6 |       ||     6
       Major Destruction |       |       |       |     6 ||     6
  Use: Potion            |     1 |       |     4 |     1 ||     6
Armor: Scale mail        |    16 |       |    31 |    16 ||    63
Dodge: Dodged            |     6 |     5 |    23 |     9 ||    43
Block: Shield            |    21 |     2 |    40 |    32 ||    95

Table legend:
 A = Non-vault XP
 B = Vault XP
 C = Vault XP percentage of total XP
 D = Non-vault monster count
 E = Vault monster count
 F = Vault count percentage of total count
                 A         B        C        D         E       F
            +---------+---------+-------+---------+---------+-------
      Total |       0 |   10262 | 100.0 |       0 |      45 | 100.0
            +---------+---------+-------+---------+---------+-------
          D |       0 |   10262 | 100.0 |       0 |      45 | 100.0
            +---------+---------+-------+---------+---------+-------
